 Dungeon Crawl Stone Soup version 0.31-a0-844-gdc52ec4e09 (webtiles) character file.

Game seed: 16797737570083200721

912 Thejackels the Changeling (level 7, 0/49 HPs)
             Began as a Demonspawn Shapeshifter on Sept 29, 2023.
             Was a Follower of Kikubaaqudgha.
             Slain by a lemure (3 damage)
             ... led by Pikel
             ... on level 5 of the Dungeon on Sept 30, 2023.
             The game lasted 00:13:51 (2664 turns).

Thejackels the Changeling (Demonspawn Shapeshifter) Turns: 2664, Time: 00:13:51

Health: 0/49       AC: 13    Str: 14    XL:     7   Next: 82%
Magic:  7/7        EV:  5    Int: 13    God:    Kikubaaqudgha [*.....]
Gold:   246        SH:  0    Dex: 13    Spells: 6/6 levels left

rFire   . . .        p - +8 halberd "Killer Bee's Peril" {vamp, Fly rPois SInv}
rCold   . . .        (shield currently unavailable)
rNeg    . . .        k - +0 plate armour
rPois   +            (helmet currently unavailable)
rElec   .            (cloak currently unavailable)
rCorr   .            (gloves currently unavailable)
SInv    +            (boots currently unavailable)
Will    .....        (no amulet) Stlth
                     (no ring)
HPRegen 0.28/turn    (no ring)
MPRegen 0.10/turn

%: no passive effects
@: beast-form, flying
A: beast (slay +2), horns 1, rugged brown scales 1, powered by death 2
a: Begin Untransformation, Renounce Religion, Unearth Wretches


You were on level 5 of the Dungeon.
You worshipped Kikubaaqudgha.
Kikubaaqudgha was aware of your devotion.
You were a hulking beast.
You visited 1 branch of the dungeon, and saw 5 of its levels.

You collected 246 gold pieces.


Innate Abilities, Weirdness & Mutations

You are a hulking beast.
Your limbs bulge with bestial killing power. (Slay +2)
You have a pair of small horns on your head.
You are partially covered in rugged brown scales. (AC +1, +3% HP)
You regenerate health from kills.


   Skills:
 - Level 1.0 Fighting
 + Level 4.5 Armour
 + Level 4.9 Dodging
 - Level 2.6 Unarmed Combat
 + Level 5.0 Shapeshifting


You had 6 spell levels left.
You didn't know any spells.
Your spell library contained the following spells:

 Spells                   Type           Power      Damage    Failure   Level
 Apportation              Tloc           0%         N/A       100%        1
 Freeze                   Ice            0%         1d3       100%        1
 Kiss of Death            Conj/Necr      0%         2d5       100%        1
 Necrotise                Necr           0%         1d4       100%        1
 Summon Small Mammal      Summ           0%         N/A       100%        1
 Cigotuvi's Dreadful Rot  Necr/Pois/Air  0%         N/A       100%        2
 Frozen Ramparts          Ice            0%         1d1       100%        3
 Hailstorm                Conj/Ice       0%         3d3       100%        3
 Vampiric Draining        Necr           0%         2d6       100%        3

Inventory:

Hand Weapons
 g - a +0 falchion
   (You took it off an orc on level 3 of the Dungeon)
 h - a +2 scythe of pain
   (You took it off Sigmund on level 3 of the Dungeon)
 j - a +0 whip
   (You found it on level 2 of the Dungeon)
 p - the +8 halberd "Killer Bee's Peril" (weapon) {vamp, Fly rPois SInv}
   (You found it on level 4 of the Dungeon)

   rPois:     It protects you from poison SInv: It lets you see invisible.
   Fly:       It grants you flight.
Missiles
 e - 26 stones
 n - 3 javelins
 s - 11 poisoned darts
 u - 3 boomerangs
Armour
 a - a +0 animal skin
 f - a +0 ring mail
   (You found it on level 2 of the Dungeon)
 k - a +0 plate armour (worn)
   (You found it on level 2 of the Dungeon)
 l - a +0 pair of boots
   (You found it on level 3 of the Dungeon)
Talismans
 c - a beast talisman (active)
 d - a flux talisman
Wands
 o - a wand of polymorph (10)
   (You found it on level 4 of the Dungeon)
 r - a wand of flame (21)
   (You found it on level 4 of the Dungeon)
Scrolls
 b - a scroll of teleportation {@r4}
Potions
 i - a potion of curing {unknown}
 m - a potion of magic {unknown}
 q - 2 potions of heal wounds {unknown}
 t - a potion of might {unknown}
 v - 2 potions of haste {unknown}

Dungeon Overview and Level Annotations

Branches:
Dungeon (5/15) Zot: 26563
 Temple: D:4-7

Altars:
Ashenzari
Dithmenos
Kikubaaqudgha
Makhleb
Ru
Wu Jian
Xom

Shops:
D:2 ?   D:3 !   D:4 [

Annotations:
D:5 Pikel

.#............. ...#...
..###......P.## .......
#.####....#### #......
##.###....# ......
###.#.....# .# .....
#.....#...###########..#
#..
#.....#.........5.......
#..
######.##..####55K...#
#.. #####..##.5h# ##..
##....### ##..# ##..##
#..## ##..## ##.## ##..#
###..# #†.## ####...##
#...# ###.....## # #...#
##.......# ##
##...###.)...†.#####.


You could see Pikel and 4 lemures.


Message History

Okay, then.
You now have 227 gold pieces (gained 9).
Found a stone staircase leading up.
An iguana comes into view.
The iguana hisses angrily.
You see here 10 gold pieces.
An iguana is nearby!
You now have 237 gold pieces (gained 10).
You slash the iguana! You headbutt the iguana. The iguana bites you!
The iguana barely misses you. 😕 HP[-10]
You take 10 damage, and now have 39/49 hp.
MASSIVE DAMAGE!! (PAUSE)
You slash the iguana!
You feel better.
You kill the iguana!
Kikubaaqudgha accepts your kill. 😕 HP[+3]
You regained 3 hp, and now have 42/49 hp.
You now have 246 gold pieces (gained 9).
b - a scroll of teleportation {@r4} 😎 HP[+7]
Your hp is fully restored (49).
An iguana comes into view.
The iguana hisses angrily.
You reach to attack!
You puncture the iguana! The iguana completely misses you.
You slash the iguana!
You kill the iguana!
Kikubaaqudgha accepts your kill.
No target in view!
You see here an iguana corpse.
A lemure comes into view.
The lemure shouts!
A lemure is nearby!
A lemure is nearby!
A lemure is nearby!
Pikel and a lemure come into view.
Pikel is wielding a +1 whip of electrocution.
The lemure shouts!
You hear a shout!
A lemure comes into view.
A lemure comes into view.
The lemure shouts! x2
You reach to attack!
You hit the lemure. The lemure hits you. 😕 HP[-3]
You take 3 damage, and now have 46/49 hp.
You closely miss the lemure. The lemure hits you but does no damage.
Pikel says, "You'll feel the lick of my whip!"
You slash the lemure! You headbutt the lemure! The lemure hits you.
The lemure hits you but does no damage. 😕 HP[-4]
You take 4 damage, and now have 42/49 hp.
Unknown command.
You puncture Pikel!
You feel better. The lemure barely misses you.
Pikel hits you but does no damage. 😎 HP[+7]
Your hp is fully restored (49).
You hit Pikel but do no damage. Your headbutt misses Pikel.
The lemure hits you but does no damage. Pikel hits you but does no damage.
Pikel hits you with a +1 whip of electrocution. 😕 HP[-4]
You take 4 damage, and now have 45/49 hp.
You barely miss Pikel. The lemure hits you.
The lemure hits you but does no damage.
Pikel hits you with a +1 whip of electrocution. 😕 HP[-6]
You take 6 damage, and now have 39/49 hp.
You puncture Pikel!
You feel better. The lemure hits you!
The lemure hits you but does no damage. x2
Pikel hits you with a +1 whip of electrocution. x2
You are electrocuted!
* * * LOW HITPOINT WARNING * * *
The lemure hits you but does no damage. x3 😨 HP[-18]
You take 18 damage, and now have 21/49 hp.
MASSIVE DAMAGE!! (PAUSE)
You barely miss Pikel. You headbutt Pikel.
The lemure hits you but does no damage. The lemure hits you.
* * * LOW HITPOINT WARNING * * *
Pikel hits you with a +1 whip of electrocution.
* * * LOW HITPOINT WARNING * * *
The lemure hits you but does no damage. 😨 HP[-8]
You take 8 damage, and now have 13/49 hp.
You barely miss Pikel. The lemure hits you but does no damage.
The lemure barely misses you. The lemure hits you but does no damage.
Pikel hits you but does no damage.
Pikel hits you with a +1 whip of electrocution.
* * * LOW HITPOINT WARNING * * *
The lemure barely misses you. The lemure hits you.
* * * LOW HITPOINT WARNING * * *
The lemure hits you but does no damage. 😱 HP[-9]
You take 9 damage, and now have 4/49 hp.
You slash Pikel! The lemure hits you but does no damage. The lemure hits you.
* * * LOW HITPOINT WARNING * * *
The lemure barely misses you.
Pikel hits you but does no damage. 😱 HP[-2]
You take 2 damage, and now have 2/49 hp.
You hit Pikel.
You feel better. The lemure hits you.
You die...
Kikubaaqudgha rasps: "You have failed me!
Welcome... death!"

Skill      XL: |  1  2  3  4  5  6  7 |
---------------+----------------------+-----
Dodging        | 2 3 4 |  4.9
Armour         | 1 2 3 4 |  4.5
Shapeshifting  | 3 4 5 |  5.0
Fighting       | |  1.0
Unarmed Combat | |  2.6

Action                     |  1- 3 |  4- 6 |  7- 9 || total
---------------------------+-------+-------+-------++-------
  Melee: Unarmed           |    16 |       |       ||    16
         Punch             |     2 |       |       ||     2
         Whip              |    59 |       |       ||    59
         Falchion          |     7 |    52 |       ||    59
         Halberd           |       |    63 |    72 ||   135
         Headbutt          |       |       |     9 ||     9
    Use: Scroll            |     4 |     1 |       ||     5
         Potion            |       |       |     1 ||     1
 Armour: Animal skin       |     4 |       |       ||     4
         Ring mail         |     4 |       |       ||     4
         Plate armour      |    77 |   144 |   127 ||   348
         Skin              |       |       |    25 ||    25
  Dodge: Dodged            |    30 |    39 |    35 ||   104

Levels and vault maps discovered:
D:1:      co_arrival_random_square_maze, layout_loops_ring, serial_shops, shop,
          serial_glass, glass_columns_b, glass_columns_c, minmay_tromino_v7
D:2:      layout_rooms, serial_shops, shop
D:3:      minmay_door_path, layout_basic, grunt_temple_overflow_open,
          serial_shops, shop, uniq_sigmund
D:4:      layout_loops_cross, nicolae_overflow_crystal_walls, serial_shops, shop
D:5:      corexii_shack_village, layout_layer_cave, gammafunk_ghost_stat_death,
          serial_bayou_pond_b, sigmund_army, uniq_duvessa, uniq_pikel

Notes
Turn   | Place    | Note
-------+----------+-------------------------------------------
     0 | D:1      | Thejackels the Demonspawn Shapeshifter began the quest for
                  | the Orb.
     0 | D:1      | Reached XP level 1. HP: 15/15 MP: 1/1
     0 | D:1      | magus.rc [v1.11.6]
     6 | D:1      | You add the spells Freeze, Frozen Ramparts and Hailstorm to
                  | your library.
    83 | D:1      | You fall into a shaft and drop 1 floor!
   194 | D:2      | Found Olocer's Magic Scroll Shop.
   204 | D:2      | Reached skill level 2 in Dodging
   236 | D:2      | Gained mutation: You regenerate a little health from kills.
                  | [demonic ancestry]
   236 | D:2      | Reached XP level 2. HP: 20/21 MP: 2/2
   393 | D:2      | Reached skill level 1 in Armour
   605 | D:3      | Reached skill level 3 in Shapeshifting
   691 | D:3      | Found Emev's Distillery.
   729 | D:3      | Found a broken altar of Ashenzari.
   731 | D:3      | Found a sacrificial altar of Ru.
   731 | D:3      | Found a shadowy altar of Dithmenos.
   732 | D:3      | Found a burning altar of Makhleb.
   732 | D:3      | Found an ornate altar of the Wu Jian Council.
   733 | D:3      | Found a shimmering altar of Xom.
   902 | D:3      | Gained mutation: You are partially covered in rugged brown
                  | scales. (AC +1, +3% HP) [demonic ancestry]
   902 | D:3      | Reached XP level 3. HP: 10/26 MP: 3/3
  1020 | D:3      | Noticed Sigmund
  1029 | D:3      | Killed Sigmund
  1030 | D:3      | Reached skill level 2 in Armour
  1030 | D:3      | Reached skill level 3 in Dodging
  1030 | D:3      | Gained mutation: You regenerate health from kills. [demonic
                  | ancestry]
  1030 | D:3      | Reached XP level 4. HP: 31/32 MP: 4/4
  1030 | D:3      | Reached XP level 5. HP: 36/38 MP: 5/5
  1602 | D:4      | Identified the +8 halberd "Killer Bee's Peril" {vamp, Fly
                  | rPois SInv}
  1714 | D:4      | Reached skill level 3 in Armour
  1714 | D:4      | Reached skill level 4 in Shapeshifting
  1714 | D:4      | Reached XP level 6. HP: 30/44 MP: 6/6
  1848 | D:4      | Found an ancient bone altar of Kikubaaqudgha.
  1901 | D:4      | Became a worshipper of Kikubaaqudgha
  2194 | D:4      | Found Qaoceo's Armour Emporium.
  2208 | D:4      | Reached skill level 4 in Dodging
  2272 | D:5      | Entered Level 5 of the Dungeon
  2341 | D:5      | Noticed a water moccasin
  2349 | D:5      | Killed a water moccasin
  2350 | D:5      | Gained mutation: You have a pair of small horns on your
                  | head. [demonic ancestry]
  2350 | D:5      | Reached XP level 7. HP: 42/49 MP: 7/7
  2428 | D:5      | Reached skill level 4 in Armour
  2494 | D:5      | Reached * piety under Kikubaaqudgha
  2494 | D:5      | You add the spells Kiss of Death, Necrotise, Cigotuvi's
                  | Dreadful Rot and Vampiric Draining to your library.
  2494 | D:5      | Received a gift from Kikubaaqudgha
  2510 | D:5      | HP: 12/49 [orc priest/nerve-wracking pain (2)]
  2517 | D:5      | Reached skill level 5 in Shapeshifting
  2560 | D:5      | You add the spells Summon Small Mammal and Apportation to
                  | your library.
  2652 | D:5      | Noticed Pikel
  2662 | D:5      | HP: 8/49 [Pikel/+1 whip of electrocution (5)]
  2663 | D:5      | HP: 2/49 [lemure[Pikel] (3)]
  2664 | D:5      | Slain by a lemure

Vanquished Creatures
  Sigmund (D:3)
  A water moccasin (D:5)
  2 scorpions
  A howler monkey (D:5)
  4 hounds
  An orc priest (D:5)
  4 iguanas
  4 orc wizards
  4 adders
  A white imp (D:5)
  A worm (D:2)
  2 dart slugs
  17 orcs
  4 ball pythons
  2 endoplasms
  A giant cockroach (D:4)
  7 goblins
  5 hobgoblins
  4 jackals (D:4)
  8 kobolds
  3 quokkas
  2 bats (D:2)
  4 frilled lizards
  2 rats (D:3)
85 creatures vanquished.

Table legend:
 A = Non-vault XP
 B = Vault XP
 C = Vault XP percentage of total XP
 D = Non-vault monster count
 E = Vault monster count
 F = Vault count percentage of total count
                 A         B        C        D         E       F
            +---------+---------+-------+---------+---------+-------
      Total |     909 |     394 |  30.2 |      75 |      10 |  11.8
            +---------+---------+-------+---------+---------+-------
        D:1 |       6 |       0 |   0.0 |       3 |       0 |   0.0
        D:2 |      24 |       0 |   0.0 |      12 |       0 |   0.0
        D:3 |      23 |     251 |  91.6 |      13 |       5 |  27.8
        D:4 |     297 |       0 |   0.0 |      23 |       0 |   0.0
        D:5 |     559 |     143 |  20.4 |      24 |       5 |  17.2
            +---------+---------+-------+---------+---------+-------

Skill      XL: |  1  2  3  4  5  6  7 |
---------------+----------------------+-----
Dodging        | 2 3 4 |  4.9
Armour         | 1 2 3 4 |  4.5
Shapeshifting  | 3 4 5 |  5.0
Fighting       | |  1.0
Unarmed Combat | |  2.6

Action                     |  1- 3 |  4- 6 |  7- 9 || total
---------------------------+-------+-------+-------++-------
  Melee: Unarmed           |    16 |       |       ||    16
         Punch             |     2 |       |       ||     2
         Whip              |    59 |       |       ||    59
         Falchion          |     7 |    52 |       ||    59
         Halberd           |       |    63 |    72 ||   135
         Headbutt          |       |       |     9 ||     9
    Use: Scroll            |     4 |     1 |       ||     5
         Potion            |       |       |     1 ||     1
 Armour: Animal skin       |     4 |       |       ||     4
         Ring mail         |     4 |       |       ||     4
         Plate armour      |    77 |   144 |   127 ||   348
         Skin              |       |       |    25 ||    25
  Dodge: Dodged            |    30 |    39 |    35 ||   104

Illustrated notes

Table legend:
 A = Kills in this place as a percentage of kills in the entire game.
 B = Kills by you in this place as a percentage of kills by you in the entire game.
 C = Kills by friends in this place as a percentage of kills by friends in the entire game.
 D = Other kills in this place as a percentage of other kills in the entire game.
 E = Experience gained in this place as a percentage of experience gained in the entire game.
 F = Experience gained in this place divided by the number of levels of this place that you have seen.
                   A       B       C       D       E      F
               +-------+-------+-------+-------+-------+----------------------
         Total | 100.0 | 100.0 |   N/A |   N/A | 100.0 | 260.6
       Dungeon | 100.0 | 100.0 |   N/A |   N/A | 100.0 | 260.6
               +-------+-------+-------+-------+-------+----------------------

Table legend: (Time is in decaauts)
 A = Elapsed time spent in this place.
 B = Non-inter-level travel time spent in this place.
 C = Inter-level travel time spent in this place.
 D = Time resting spent in this place.
 E = Time spent auto-exploring this place.
 F = Levels seen in this place.
 G = Mean time per level.
                   A        B        C        D        E       F      G
               +--------+--------+--------+--------+--------+-----+--------+
         Total |   2752 |   2664 |     88 |    174 |   1785 |   5 |  550.4 |
       Dungeon |   2752 |   2664 |     88 |    174 |   1785 |   5 |  550.4 |
               +--------+--------+--------+--------+--------+-----+--------+

Top non-repeatable levels by time:
     D:3: 889 daAuts
     D:4: 778 daAuts
     D:2: 567 daAuts
     D:5: 435 daAuts
     D:1: 82 daAuts
